AoeStats
← ROSA CANINA

Arabia

510062312Analyzed
1v1 RM · 2d ago on Sep 29, 2026· 29m 46s· 2 players
Game mode
Random Map
Map size
Tiny (2 player)
Population
200
Speed
Normal
Resources
Standard
Victory
Conquest
Starting age
Dark Age
Ending age
Imperial Age
RankedLock teamsTeams togetherTeam positionsShared explorationLock speedFull tech treeHidden civsTurbo modeCheats
Victory
Defeat
🇨🇳 Varangians · China
1036
+15
🇫🇷 Mongols · France
1011
-15
ROSA CANINA
6:07 Loom
10:09 Feudal Age
10:47 Double-Bit Axe
16:38 Horse Collar
18:29 Fletching
19:59 Padded Archer Armor
26:32 Castle Age
25:54 Bloodlines
26:03 Forging
27:10 Scale Barding Armor
27:26 Gold Mining
27:51 Bow Saw
28:08 Husbandry
27:30 Light Cavalry
Orange Jiangzc
6:57 Loom
10:12 Feudal Age
11:03 Double-Bit Axe
12:32 Horse Collar
15:40 Wheelbarrow
20:28 Padded Archer Armor
20:18 Fletching
24:20 Castle Age
22:45 Gold Mining
22:46 Stone Mining
24:55 Bodkin Arrow
24:24 Elite Skirmisher
26:01 Leather Archer Armor
27:25 Bow Saw
29:07 Bloodlines
Connection lost

Rejoining the realm…

Still unreachable

The connection could not be restored.

Session expired

The server has moved on; the page needs a fresh start.